[Event "GER-ch Youth-U12 2024"]
[Site "Willingen"]
[Date "2024.05.22"]
[Round "5"]
[White "Lanert, Theodor"]
[Black "Lee, Ho In"]
[Result "1/2-1/2"]
[ECO "B28"]
[WhiteElo "1742"]
[BlackElo "1668"]
[Annotator "NA RC"]
[PlyCount "113"]
[EventDate "2022.06.05"]
[EventType "swiss"]
[EventRounds "9"]
[EventCountry "GER"]
[SourceTitle "playchess.com"]
[Source "ChessBase"]
[SourceQuality "1"]
[TimeControl "40/4500+30:900+30"]

1. e4 c5 2. Nf3 a6 3. d4 cxd4 4. Nxd4 e5 5. Nb3 Nf6 6. Bd3 Nc6 7. Nc3 Bb4 8. Bd2 O-O 9. O-O d6 10. a3 Bxc3 11. Bxc3 Qc7 12. h3 b5 13. f4 Bb7 14. Qe1 Rae8 15. Qh4 Qd8 16. Rae1 Nd7 17. Qg3 Nf6 18. Qf3 Kh8 19. g4 Ng8 20. g5 exf4 21. Qxf4 Nge7 22. h4 Ng6 23. Qg3 Nge5 24. Rf5 Bc8 25. Rf4 Qd7 26. Nd4 Nxd4 27. Bxd4 Qh3 28. Qxh3 Bxh3 29. Kh2 Bd7 30. Ref1 Kg8 31. Kg3 Bc6 32. h5 Re6 33. Bxe5 dxe5 34. R4f2 Rd6 35. h6 gxh6 36. Rf6 Rfd8 37. gxh6 Rxf6 38. Rxf6 Bb7 39. Kg4 Bc8+ 40. Kg5 Kf8 41. a4 bxa4 42. Bc4 Rd7 43. c3 Rc7 44. Ba2 a5 45. Rb6 Ke7 46. Bd5 a3 47. bxa3 Rxc3 48. Rb3 Rc5 49. Rf3 Be6 50. Bxe6 Kxe6 51. Rf6+ Ke7 52. Ra6 Rb5 53. Kf5 Rc5 54. Ra7+ Kf8 55. Ra8+ Ke7 56. Ra7+ Kf8 57. Ra8+ 1/2-1/2

[Event "GER-ch Youth-U12 2024"]
[Site "Willingen"]
[Date "2024.05.22"]
[Round "5"]
[White "Schulz, Robin"]
[Black "Marynychenko, Yehor"]
[Result "0-1"]
[ECO "B22"]
[WhiteElo "1730"]
[BlackElo "1896"]
[Annotator "NA RC"]
[PlyCount "52"]
[EventDate "2022.06.05"]
[EventType "swiss"]
[EventRounds "9"]
[EventCountry "GER"]
[SourceTitle "playchess.com"]
[Source "ChessBase"]
[SourceQuality "1"]
[TimeControl "40/4500+30:900+30"]

1. e4 c5 2. Nf3 Nc6 3. c3 d5 4. exd5 Qxd5 5. d4 cxd4 6. cxd4 e6 7. Nc3 Bb4 8. Be2 Nf6 9. O-O Bxc3 10. bxc3 O-O 11. Bb2 Rd8 12. Qc2 b6 13. c4 Qd6 14. Rfd1 Bb7 15. Ne5 Qe7 16. f4 Rac8 17. a4 h6 $11 18. Ra3 Nxd4 19. Bxd4 Qxa3 20. Rd3 Qe7 21. Qb2 Ne4 22. Rh3 Rxd4 23. Qxd4 Rd8 24. Qe3 Qb4 25. Bd3 Qb1+ 26. Bf1 Nd2 0-1

[Event "GER-ch Youth-U12 2024"]
[Site "Willingen"]
[Date "2024.05.22"]
[Round "5"]
[White "Sun, Christopher"]
[Black "Hoppe, Arthur"]
[Result "0-1"]
[ECO "B00"]
[WhiteElo "1714"]
[BlackElo "1859"]
[Annotator "NA RC"]
[PlyCount "118"]
[EventDate "2022.06.05"]
[EventType "swiss"]
[EventRounds "9"]
[EventCountry "GER"]
[SourceTitle "playchess.com"]
[Source "ChessBase"]
[SourceQuality "1"]
[TimeControl "40/4500+30:900+30"]

1. e4 Nc6 2. d4 e5 3. dxe5 Nxe5 4. f4 Nc6 5. Nf3 Bc5 6. Nc3 {[%emt 0:00:00] B00: Queen's Fianchetto Defence, Nimzowitsch Defence.} a6 7. Bc4 d6 8. h3 h6 9. a3 Bd7 10. Qd3 Nf6 11. Be3 Bxe3 12. Qxe3 Qe7 13. O-O O-O 14. Rae1 Rae8 15. Qd2 Bc8 16. Nd5 Qd8 17. Nxf6+ Qxf6 18. c3 Na5 19. Ba2 Qd8 20. g4 Be6 21. Bxe6 Rxe6 22. f5 Ree8 23. Kh1 c6 24. Rg1 Nc4 25. Qh2 Ne5 26. Nxe5 Rxe5 27. Qf4 Qh4 28. Kh2 Rfe8 29. Rg3 Qe7 30. g5 h5 31. f6 Qe6 32. fxg7 Qg6 33. Rf3 Rxe4 34. Rxe4 Rxe4 35. Qf6 Re2+ 36. Kh1 Re6 37. Qxg6 Rxg6 38. h4 Kxg7 39. Kg2 Re6 40. Rf2 d5 41. Kg3 Re3+ 42. Kg2 Re4 43. Kg3 d4 44. cxd4 Rxd4 45. Kh3 Rd3+ $19 46. Kh2 Rb3 47. Kg2 c5 48. Kh2 b5 49. Rc2 c4 50. Kg2 Kg6 51. Rf2 Kg7 52. Rc2 Rd3 53. a4 Rd4 54. axb5 axb5 55. Kg3 b4 56. Kh3 b3 57. Re2 Rd1 58. Re4 c3 59. bxc3 b2 0-1

[Event "GER-ch Youth-U12 2024"]
[Site "Willingen"]
[Date "2024.05.22"]
[Round "5"]
[White "Hellriegel, Hannes"]
[Black "Schmidt, Jossip"]
[Result "0-1"]
[ECO "B38"]
[WhiteElo "1701"]
[BlackElo "1603"]
[Annotator "NA"]
[PlyCount "116"]
[EventDate "2022.06.05"]
[EventType "swiss"]
[EventRounds "9"]
[EventCountry "GER"]
[SourceTitle "playchess.com"]
[Source "ChessBase"]
[SourceQuality "1"]
[TimeControl "40/4500+30:900+30"]

1. e4 c5 2. Nf3 Nc6 3. d4 cxd4 4. Nxd4 g6 5. c4 Bg7 6. Be3 Nf6 7. Nc3 O-O 8. Nc2 d6 9. Be2 Bd7 10. O-O h6 11. Qd2 Kh7 12. h3 Ng8 13. Rad1 f5 14. Bd3 Ne5 15. exf5 Bxf5 16. Bxf5 Rxf5 17. Qe2 Rc8 18. Nd4 Rf7 19. c5 dxc5 20. Nb3 Qe8 21. Nxc5 b6 22. N5e4 Nc4 23. Bc1 Nf6 24. Nxf6+ exf6 25. Qf3 Ne5 26. Qg3 Rd8 27. Bf4 Rxd1 28. Rxd1 Re7 29. Nd5 Rd7 30. Bxe5 fxe5 31. Qg4 Rf7 32. Qc4 Rf8 33. Qc7 Qa4 34. Nc3 Qf4 35. Rf1 Rf7 36. Qc6 Bf8 37. Nd5 Qf5 38. Ne3 Qf4 39. g3 Qg5 40. Qe8 Kg7 41. Qb5 Bc5 42. Qe2 e4 43. h4 Qe5 44. Kh2 Rf3 45. Re1 Bxe3 46. Qa6 Rxf2+ 47. Kh1 Qe6 48. Qb7+ Rf7 49. Qxf7+ Qxf7 50. Rxe3 Qf1+ 51. Kh2 Qf2+ 52. Kh3 Qxe3 53. h5 Qf3 54. a4 gxh5 55. Kh2 e3 56. a5 e2 57. a6 e1=R 58. b4 Rh1# 0-1

[Event "GER-ch Youth-U12 2024"]
[Site "Willingen"]
[Date "2024.05.22"]
[Round "5"]
[White "Subocz, Barbara"]
[Black "Obermair, Hannes"]
[Result "0-1"]
[ECO "B22"]
[WhiteElo "1692"]
[BlackElo "1668"]
[Annotator "NA RC"]
[PlyCount "74"]
[EventDate "2022.06.05"]
[EventType "swiss"]
[EventRounds "9"]
[EventCountry "GER"]
[SourceTitle "playchess.com"]
[Source "ChessBase"]
[SourceQuality "1"]
[TimeControl "40/4500+30:900+30"]

1. e4 c5 2. Nf3 Nc6 3. c3 Nf6 4. e5 Nd5 5. d4 cxd4 6. cxd4 d6 7. Bc4 dxe5 8. dxe5 e6 9. O-O Be7 10. Qe2 O-O 11. Rd1 Qd7 12. Bd2 Qc7 13. Nc3 Nxc3 14. Bxc3 a6 15. Bd3 b5 16. a3 Bb7 17. b4 Rac8 18. Bd2 Rfd8 19. Qe4 g6 20. Qe3 Rd7 21. Be2 Rcd8 22. Ng5 Qxe5 23. Nf3 Qg7 24. Bc3 Bf6 25. Bxf6 Qxf6 26. Qh6 Nd4 27. Nxd4 Rxd4 28. Rxd4 Rxd4 29. Rc1 Rd8 30. h4 Qb2 31. Rc7 Qxe2 32. Rxb7 Qe1+ 33. Kh2 Qxf2 34. Qg5 Qd4 35. Qe7 Qf4+ 36. Kh3 Rd3+ 37. g3 Qxg3# 0-1

[Event "GER-ch Youth-U12 2024"]
[Site "Willingen"]
[Date "2024.05.22"]
[Round "5"]
[White "Balashvili, Amiran"]
[Black "Rinke, Alexander"]
[Result "1-0"]
[ECO "B13"]
[WhiteElo "1682"]
[BlackElo "1596"]
[Annotator "NA RC"]
[PlyCount "75"]
[EventDate "2022.06.05"]
[EventType "swiss"]
[EventRounds "9"]
[EventCountry "GER"]
[SourceTitle "playchess.com"]
[Source "ChessBase"]
[SourceQuality "1"]
[TimeControl "40/4500+30:900+30"]

1. e4 c6 2. d4 d5 3. exd5 cxd5 4. Bd3 Nc6 5. c3 Nf6 6. h3 e6 7. Nf3 Be7 8. Be3 O-O 9. Nbd2 a6 10. Qc2 Bd7 11. O-O Rc8 12. Qd1 b5 13. Qe2 Na5 14. Rfc1 Nc4 15. b3 Nxe3 16. fxe3 Rb8 17. Ne5 Ne8 18. Nxd7 Qxd7 19. a4 Nd6 20. axb5 axb5 21. Rc2 Rfc8 22. Rac1 Bg5 23. Nf3 Bf6 24. Nd2 e5 25. dxe5 Bxe5 26. Qh5 Qe6 27. Qxh7+ Kf8 28. Qh8+ Ke7 29. Qh4+ Bf6 30. Qe1 Bg5 31. Nf1 Rh8 32. Qe2 Bh4 33. Qf3 Rbg8 34. Re2 f5 35. g3 Bf6 36. g4 fxg4 37. Qxg4 Rxh3 38. Qg3 1-0

[Event "GER-ch Youth-U12 2024"]
[Site "Willingen"]
[Date "2024.05.22"]
[Round "5"]
[White "Heitmann, Erik"]
[Black "Vinogradov, Ilia"]
[Result "0-1"]
[ECO "D93"]
[WhiteElo "1644"]
[BlackElo "1723"]
[Annotator "NA RC"]
[PlyCount "74"]
[EventDate "2022.06.05"]
[EventType "swiss"]
[EventRounds "9"]
[EventCountry "GER"]
[SourceTitle "playchess.com"]
[Source "ChessBase"]
[SourceQuality "1"]
[TimeControl "40/4500+30:900+30"]

1. Nf3 Nf6 2. e3 g6 3. d4 Bg7 4. c4 c5 5. Nc3 cxd4 6. exd4 d5 7. Bf4 O-O 8. Qb3 dxc4 9. Bxc4 Nc6 10. Ne5 Nxe5 11. Bxe5 b6 12. f3 Bb7 13. O-O Rc8 14. Rfd1 a6 15. a4 e6 16. d5 exd5 17. Nxd5 Nxd5 18. Bxg7 Kxg7 19. Bxd5 Qc7 20. Bxb7 Qxb7 21. Rd6 b5 22. axb5 axb5 23. Raa6 Rc5 24. Rdb6 Rc1+ 25. Kf2 Qe7 26. f4 Rd8 27. Kg3 Qe4 28. Rd6 Qe1+ 29. Kh3 Rdc8 30. Ra7 R8c3+ 31. bxc3 Rxc3+ 32. Rd3 Rxb3 33. Rxb3 Qe6+ 34. Kh4 Qxb3 35. g4 Qb2 36. h3 Qf2+ 37. Kg5 h6# 0-1

[Event "GER-ch Youth-U12 2024"]
[Site "Willingen"]
[Date "2024.05.22"]
[Round "5"]
[White "Hagn, Tobias"]
[Black "Hepp, Daniel"]
[Result "1-0"]
[ECO "C01"]
[WhiteElo "1631"]
[BlackElo "1721"]
[Annotator "NA RC"]
[PlyCount "186"]
[EventDate "2022.06.05"]
[EventType "swiss"]
[EventRounds "9"]
[EventCountry "GER"]
[SourceTitle "playchess.com"]
[Source "ChessBase"]
[SourceQuality "1"]
[TimeControl "40/4500+30:900+30"]

1. e4 e6 2. d4 d5 3. exd5 exd5 4. Bd3 Bd6 5. h3 Nc6 6. c3 Nge7 7. Nf3 Bf5 8. Be3 Qd7 9. Be2 h6 10. Nbd2 Ng6 11. Nb3 b6 12. Qd2 O-O 13. Nh2 Nh4 14. O-O-O Na5 15. g3 Ng6 16. Na1 Qa4 17. a3 Qb3 18. Bd3 Bxd3 19. Qxd3 Qa2 20. Qb1 Qxb1+ 21. Kxb1 Nc4 22. Nc2 Rfe8 23. Nf3 Bxg3 24. Bxh6 Bxf2 25. Bc1 Nd6 26. Nb4 Ne7 27. Rh2 Ne4 28. Bf4 a5 29. Nd3 Bg3 30. Bxg3 Nxg3 31. Rg2 Nef5 32. Nfe5 f6 33. Ng4 Kf7 34. Rdg1 Ne4 35. Rf1 g6 36. Rh2 c6 37. h4 Nfd6 38. h5 Rh8 39. Nge5+ Kg7 40. Nxg6 Rxh5 41. Rxh5 Nd2+ 42. Kc1 Nxf1 43. Ne7 Re8 44. Nxc6 Re3 45. Rxd5 Rxd3 46. Rxd6 Ne3 47. Kb1 Nc4 48. Rd7+ Kg6 49. Ne7+ Kg5 50. Rc7 Ne3 51. Rc6 a4 52. Rxb6 Rd1+ 53. Ka2 Nc2 54. b3 Rd2 55. bxa4 Nxd4+ 56. Kb1 Ne2 57. Rc6 f5 58. Rc5 Kf6 59. Nxf5 Nxc3+ 60. Rxc3 Kxf5 61. a5 Rd6 62. Kb2 Ra6 63. Rc5+ Ke6 64. Kb3 Kd6 65. Kb4 Ra7 66. Rb5 Kc6 67. Rb6+ Kc7 68. Kb5 Rb7 69. Ka6 Rb8 70. Ka7 Rc8 71. Rb7+ Kc6 72. a6 Rd8 73. a4 Rc8 74. a5 Rd8 75. Rb8 Rd5 76. Rc8+ Kd7 77. Rc4 Rxa5 78. Kb6 Ra1 79. Rc7+ Kd8 80. Rb7 Kc8 81. Rc7+ Kd8 82. a7 Rb1+ 83. Kc6 Rc1+ 84. Kd6 Rd1+ 85. Ke5 Ra1 86. Rb7 Re1+ 87. Kf4 Rf1+ 88. Kg3 Rg1+ 89. Kf2 Ra1 90. Rb8+ Kc7 91. a8=Q Rxa8 92. Rxa8 Kb7 93. Ra5 Kb6 1-0

[Event "GER-ch Youth-U12 2024"]
[Site "Willingen"]
[Date "2024.05.22"]
[Round "5"]
[White "Franke, Moritz"]
[Black "Sasikumar Anitha, Sarvesh"]
[Result "0-1"]
[ECO "A17"]
[WhiteElo "1597"]
[BlackElo "1703"]
[Annotator "NA RC"]
[PlyCount "86"]
[EventDate "2022.06.05"]
[EventType "swiss"]
[EventRounds "9"]
[EventCountry "GER"]
[SourceTitle "playchess.com"]
[Source "ChessBase"]
[SourceQuality "1"]
[TimeControl "40/4500+30:900+30"]

1. c4 e6 2. Nc3 d5 3. e3 Nf6 4. Nf3 Be7 5. g3 O-O 6. d4 dxc4 7. Bxc4 b6 8. b3 Bb7 9. Bf1 c5 10. Bg2 Nc6 11. dxc5 Qxd1+ 12. Nxd1 Bxc5 13. O-O Ba6 14. Re1 Nb4 15. Nd4 Bxd4 16. exd4 Nc2 17. Bxa8 Rxa8 18. Bd2 Nxa1 19. Ne3 Nxb3 20. axb3 Kf8 21. Bb4+ Ke8 22. Ra1 Bb7 23. Nc4 Bd5 24. Nd6+ Kd7 25. Nxf7 Bxb3 26. Ne5+ Kc7 27. Rc1+ Kb7 28. Nf7 a5 29. Nd6+ Ka6 30. f4 Nd5 31. Ba3 Ba4 32. Ne4 Ka7 33. Ng5 Bd7 34. Nxh7 b5 35. Ng5 b4 36. Bb2 a4 37. Ra1 Kb6 38. Ne4 Ne3 39. Nc5 Bb5 40. Ne4 Nc4 41. Bc1 b3 42. Rb1 a3 43. Nd2 Nxd2 0-1

[Event "GER-ch Youth-U12 2024"]
[Site "Willingen"]
[Date "2024.05.22"]
[Round "5"]
[White "Gao, Chenzhuo"]
[Black "Wagener, Nicolas"]
[Result "0-1"]
[ECO "A47"]
[WhiteElo "1580"]
[BlackElo "1713"]
[Annotator "NA RC"]
[PlyCount "66"]
[EventDate "2022.06.05"]
[EventType "swiss"]
[EventRounds "9"]
[EventCountry "GER"]
[SourceTitle "playchess.com"]
[Source "ChessBase"]
[SourceQuality "1"]
[TimeControl "40/4500+30:900+30"]

1. Nf3 Nf6 2. b3 b6 3. Bb2 Bb7 4. e3 d5 5. d4 e6 6. Nbd2 Bd6 7. Bd3 Ne4 8. O-O O-O 9. Qe2 Nd7 10. Rfd1 f5 11. Ne5 Rf6 12. f4 Rh6 13. Ndf3 Ndf6 14. Ng5 Bxe5 15. dxe5 Ng4 16. Bxe4 Rxh2 17. Bf3 Rh4 18. Nxe6 Qe8 19. Ng5 Qh5 20. Nh3 Rxh3 21. gxh3 Qxh3 22. Bxg4 fxg4 23. Re1 d4 24. e4 g3 25. Qg2 Qh4 26. f5 Rf8 27. Rad1 Rxf5 28. Rd3 Rxe5 29. Qxg3 Rg5 30. Qxg5 Qxg5+ 31. Kf2 Qf4+ 32. Rf3 Qh2+ 33. Kf1 Ba6+ 0-1

[Event "GER-ch Youth-U12 2024"]
[Site "Willingen"]
[Date "2024.05.22"]
[Round "5"]
[White "Kaza, Charith"]
[Black "Draude, Theo"]
[Result "0-1"]
[ECO "B90"]
[WhiteElo "1503"]
[BlackElo "1731"]
[Annotator "NA RC"]
[PlyCount "126"]
[EventDate "2022.06.05"]
[EventType "swiss"]
[EventRounds "9"]
[EventCountry "GER"]
[SourceTitle "playchess.com"]
[Source "ChessBase"]
[SourceQuality "1"]
[TimeControl "40/4500+30:900+30"]

1. e4 c5 2. Nf3 d6 3. d4 cxd4 4. Nxd4 Nf6 5. Nc3 a6 6. h3 e5 7. Nb3 Be6 8. Be3 Be7 9. f4 exf4 10. Bxf4 O-O 11. Qf3 Nbd7 12. O-O-O Qc7 13. Bd3 Ne5 14. Bxe5 dxe5 15. Nd5 Bxd5 16. exd5 Rfd8 17. h4 Qd7 18. Kb1 a5 19. Rh3 a4 20. Nc1 a3 21. b3 Qc7 22. c4 e4 23. Bxe4 Qe5 24. Bxh7+ Nxh7 25. Nd3 Qd4 26. Qe3 Bf6 27. Kc2 Qc3+ 28. Kb1 Qa1+ 29. Kc2 Qxa2+ 30. Kc1 Qa1+ 31. Kd2 Qc3+ 32. Ke2 Re8 33. Nf4 Rxe3+ 34. Rxe3 Qxe3+ 35. Kxe3 a2 36. d6 a1=Q 37. Rxa1 Rxa1 38. d7 Rd1 39. Nd5 Bd8 40. Ke2 Rxd5 41. cxd5 Nf6 42. d6 Nxd7 43. h5 Kh7 44. Kf3 Kh6 45. g4 f6 46. Kf4 Nc5 47. b4 Nd3+ 48. Kf5 Nxb4 49. Kf4 Nc6 50. Kf5 b5 51. d7 b4 52. Ke4 Kg5 53. Kd5 b3 54. Kxc6 b2 55. h6 gxh6 56. Kb7 b1=Q+ 57. Kc8 Ba5 58. d8=Q Bxd8 59. Kxd8 Qb7 60. Ke8 Qc7 61. Kf8 Qd7 62. Kg8 Kg6 63. g5 Qg7# 0-1

[Event "GER-ch Youth-U12 2024"]
[Site "Willingen"]
[Date "2024.05.22"]
[Round "5"]
[White "Levytskyi, Oleksandr"]
[Black "Andersen, Jonathan"]
[Result "1-0"]
[ECO "C90"]
[WhiteElo "1467"]
[BlackElo "1693"]
[Annotator "NA RC"]
[PlyCount "119"]
[EventDate "2022.06.05"]
[EventType "swiss"]
[EventRounds "9"]
[EventCountry "GER"]
[SourceTitle "playchess.com"]
[Source "ChessBase"]
[SourceQuality "1"]
[TimeControl "40/4500+30:900+30"]

1. e4 e5 2. Nf3 Nc6 3. Bb5 a6 4. Ba4 Nf6 5. d3 b5 6. Bb3 Be7 7. O-O O-O 8. c3 d6 9. Re1 Na5 10. Bc2 c5 11. Nbd2 Bb7 12. Nf1 Rc8 13. Ng3 g6 14. h3 b4 15. Nh2 Qd7 16. f4 Ne8 17. f5 Bh4 18. Qg4 Bxg3 19. Qxg3 Kh8 20. Rf1 gxf5 21. Rxf5 Rg8 22. Qf3 Rc7 23. Bh6 Qe6 24. Be3 bxc3 25. bxc3 Bc8 26. Ba4 Qe7 27. Rh5 Qf6 28. Qe2 Ng7 29. Rh6 Qe7 30. Ng4 Bxg4 31. Qxg4 f6 32. Qh4 Ne6 33. Qxf6+ Qxf6 34. Rxf6 Re7 35. Bd1 Kg7 36. Rf2 Rb8 37. Bg4 Nf8 38. Raf1 Ng6 39. Rf6 Rd8 40. Bg5 Nf4 41. R6xf4 exf4 42. Bxe7 Re8 43. Bxd6 c4 44. Bb4 Nc6 45. Bd7 Nxb4 46. Bxe8 Nxd3 47. Rd1 Kf6 48. Rxd3 cxd3 49. Kf2 Ke5 50. Bc6 a5 51. Ke1 Kd6 52. Bd5 h5 53. Kd2 Ke5 54. Kxd3 a4 55. h4 a3 56. Bf7 Kd6 57. Bxh5 Ke5 58. Bf3 Kf6 59. Kd4 Ke6 60. e5 1-0

[Event "GER-ch Youth-U12 2024"]
[Site "Willingen"]
[Date "2024.05.22"]
[Round "5"]
[White "König, Lian"]
[Black "Fass, Ben"]
[Result "1-0"]
[ECO "C54"]
[WhiteElo "1180"]
[BlackElo "1027"]
[Annotator "NA"]
[PlyCount "119"]
[EventDate "2022.06.05"]
[EventType "swiss"]
[EventRounds "9"]
[EventCountry "GER"]
[SourceTitle "playchess.com"]
[Source "ChessBase"]
[SourceQuality "1"]
[TimeControl "40/4500+30:900+30"]

1. e4 e5 2. Nf3 Nc6 3. Bc4 Bc5 4. c3 Nf6 5. d3 d6 6. a4 a6 7. b4 Ba7 8. O-O Qe7 9. h3 Be6 10. Bb3 O-O 11. Nbd2 Rfd8 12. Re1 Nh5 13. Bc2 Qd7 14. Nxe5 dxe5 15. Qxh5 Qe7 16. Qf3 Qg5 17. Nf1 Qh4 18. Be3 Bxe3 19. Nxe3 Ne7 20. Nf5 Bxf5 21. exf5 f6 22. d4 Nc6 23. d5 Ne7 24. Bb3 Rd6 25. Rad1 Qg5 26. g4 g6 27. fxg6 Qxg6 28. c4 Qf7 29. c5 e4 30. Qg3 Rxd5 31. Bxd5 Nxd5 32. Qb3 c6 33. b5 Rd8 34. Rxe4 Kg7 35. Rde1 h5 36. gxh5 Qxh5 37. Qg3+ Kf8 38. Rh4 Qg5 39. Qxg5 fxg5 40. Rh8+ Kg7 41. Rxd8 Nc3 42. Re7+ Kh6 43. Rg8 axb5 44. Reg7 bxa4 45. Rxg5 a3 46. Rg4 Kh7 47. Ra8 a2 48. Rg3 Ne2+ 49. Kf1 Nxg3+ 50. fxg3 b5 51. cxb6 c5 52. Rxa2 c4 53. Rc2 Kg6 54. Rxc4 Kf5 55. b7 Ke6 56. b8=Q Kd5 57. Qb5+ Kd6 58. Rc6+ Kd7 59. Qb7+ Kd8 60. Rc8# 1-0

[Event "GER-ch Youth-U12 2024"]
[Site "Willingen"]
[Date "2024.05.22"]
[Round "5"]
[White "Schellinger, Florian"]
[Black "Prashanthakumar, Arnesh"]
[Result "0-1"]
[ECO "C50"]
[WhiteElo "863"]
[BlackElo "1634"]
[Annotator "NA RC"]
[PlyCount "90"]
[EventDate "2022.06.05"]
[EventType "swiss"]
[EventRounds "9"]
[EventCountry "GER"]
[SourceTitle "playchess.com"]
[Source "ChessBase"]
[SourceQuality "1"]
[TimeControl "40/4500+30:900+30"]

1. e4 e5 2. Nf3 Nc6 3. Bc4 Bc5 4. Nc3 Nf6 5. d3 d6 6. Bg5 h6 7. Bh4 Bg4 8. h3 Be6 9. Bb5 a6 10. Ba4 b5 11. Bb3 Na5 12. Bd5 c6 13. Bb3 Nxb3 14. axb3 Qb6 15. Qe2 Nh5 16. g3 g5 17. Nxg5 hxg5 18. Bxg5 f6 19. Be3 Bxe3 20. Qxe3 Qxe3+ 21. fxe3 Nxg3 22. Rg1 Rxh3 23. O-O-O b4 24. Rxg3 Rxg3 25. Ne2 Rg2 26. Rh1 O-O-O 27. Kd2 Bg4 28. Re1 Rxe2+ 29. Rxe2 Bxe2 30. Kxe2 Rh8 31. c4 bxc3 32. bxc3 Rh2+ 33. Kd1 Rb2 34. b4 c5 35. bxc5 a5 36. cxd6 a4 37. Kc1 Rb7 38. d4 a3 39. dxe5 fxe5 40. d7+ Kxd7 41. c4 a2 42. Kc2 a1=Q 43. c5 Rb2+ 44. Kd3 Qd1+ 45. Kc4 Qb3# 0-1

[Event "GER-ch Youth-U12 2024"]
[Site "Willingen"]
[Date "2024.05.22"]
[Round "6"]
[White "Tarasenko, Nazar"]
[Black "Vartanian, Roman"]
[Result "1/2-1/2"]
[ECO "D36"]
[WhiteElo "2061"]
[BlackElo "1797"]
[Annotator "RC"]
[PlyCount "77"]
[EventDate "2022.06.05"]
[EventType "swiss"]
[EventRounds "9"]
[EventCountry "GER"]
[SourceTitle "playchess.com"]
[Source "ChessBase"]
[SourceQuality "1"]
[TimeControl "40/4500+30:900+30"]

1. d4 Nf6 2. c4 e6 3. Nc3 d5 4. cxd5 exd5 5. Bg5 c6 6. e3 Be7 7. Qc2 Nbd7 8. Bd3 O-O 9. Nf3 Re8 10. O-O Nf8 11. h3 g6 12. Ne5 Ne6 13. Bh4 Ng7 14. f4 Bf5 15. g4 Bxd3 16. Qxd3 Ne4 17. Be1 f6 18. Nf3 Nxc3 19. Bxc3 f5 20. b4 Bd6 21. Rab1 Qd7 22. g5 a6 23. a4 b5 24. a5 Re6 25. Bd2 Ne8 26. Rfc1 Rc8 27. Ne5 Bxe5 28. dxe5 Kg7 29. Bc3 c5 30. bxc5 Qc6 31. Bb4 Kf7 32. Qd4 Rd8 33. Rd1 Nc7 34. Kf2 h6 35. h4 h5 36. Re1 Ke8 37. Rbd1 Rd7 38. Kg3 Kd8 39. Rd3 1/2-1/2

[Event "GER-ch Youth-U12 2024"]
[Site "Willingen"]
[Date "2024.05.22"]
[Round "6"]
[White "Sheng, Ming"]
[Black "Nezhyvenko, Mykhaylo"]
[Result "0-1"]
[ECO "B11"]
[WhiteElo "2031"]
[BlackElo "2075"]
[Annotator "RC"]
[PlyCount "98"]
[EventDate "2022.06.05"]
[EventType "swiss"]
[EventRounds "9"]
[EventCountry "GER"]
[SourceTitle "playchess.com"]
[Source "ChessBase"]
[SourceQuality "1"]
[TimeControl "40/4500+30:900+30"]

1. e4 c6 2. Nc3 d5 3. Nf3 dxe4 4. Nxe4 Nf6 5. Qe2 Na6 6. d3 Bg4 7. h3 Bh5 8. a3 e6 9. Bg5 Be7 10. O-O-O Qd5 11. Bxf6 gxf6 12. Kb1 O-O-O 13. g4 Bg6 14. Bg2 Qa5 15. Nfd2 Qc7 16. Qe3 f5 17. gxf5 exf5 18. Nc3 Rhe8 19. Nb3 Kb8 20. Rhe1 f6 21. Qf3 Nc5 22. Nc1 Bd6 23. d4 Ne6 24. N3e2 Ng5 25. Qb3 Ne4 26. Nd3 Bf7 27. c4 Qa5 28. Qc2 Qa6 29. c5 Bc7 30. Nb4 Qc4 31. Bxe4 fxe4 32. Qxc4 Bxc4 33. Nc3 a5 34. Nc2 Bd3 35. Ne2 f5 36. Nc1 Bc4 37. Ne3 Be6 38. Ne2 f4 39. Nc2 Bxh3 40. Nc3 Bg4 41. Rd2 Bf5 42. d5 e3 43. fxe3 fxe3 44. Rdd1 Bg3 45. Rg1 e2 46. Rxg3 exd1=R+ 47. Nxd1 Rxd5 48. Nde3 Rxe3 49. Rxe3 Rxc5 0-1

[Event "GER-ch Youth-U12 2024"]
[Site "Willingen"]
[Date "2024.05.22"]
[Round "6"]
[White "Zhang, Yibo"]
[Black "Zimmer, Tim"]
[Result "1-0"]
[ECO "C45"]
[WhiteElo "1988"]
[BlackElo "1772"]
[Annotator "RC"]
[PlyCount "101"]
[EventDate "2022.06.05"]
[EventType "swiss"]
[EventRounds "9"]
[EventCountry "GER"]
[SourceTitle "playchess.com"]
[Source "ChessBase"]
[SourceQuality "1"]
[TimeControl "40/4500+30:900+30"]

1. e4 e5 2. Nf3 Nc6 3. d4 exd4 4. Nxd4 Bc5 5. Nb3 Bb6 6. Qe2 a5 7. a4 Nf6 8. Nc3 O-O 9. Be3 Bxe3 10. Qxe3 d6 11. O-O-O Be6 12. f3 Qe7 13. g4 Bxb3 14. cxb3 Qe5 15. g5 Nh5 16. Nd5 Nb4 17. Kb1 c6 18. Nb6 Rad8 19. Nc4 Qc5 20. Qxc5 dxc5 21. Bh3 Nf4 22. Bg4 Ne6 23. Nxa5 b6 24. Nc4 Nd4 25. Nxb6 Nxb3 26. Nc4 Rd4 27. Rxd4 cxd4 28. f4 Nc5 29. Rd1 d3 30. Bf3 Nxa4 31. Kc1 Nc5 32. Kd2 Re8 33. Kc3 Na2+ 34. Kd4 Ne6+ 35. Kxd3 Nxf4+ 36. Ke3 Ne6 37. h4 Rb8 38. e5 c5 39. Bg4 Rb3+ 40. Rd3 Rb4 41. Bxe6 fxe6 42. Rd8+ Kf7 43. Nd6+ Ke7 44. Rg8 Rxh4 45. Rxg7+ Kd8 46. Nb7+ Ke8 47. Nxc5 Rh3+ 48. Kf4 Nb4 49. Nxe6 Rh4+ 50. Kf5 Nd3 51. Kf6 1-0

[Event "GER-ch Youth-U12 2024"]
[Site "Willingen"]
[Date "2024.05.22"]
[Round "6"]
[White "Marynychenko, Yehor"]
[Black "Li, Yunqi"]
[Result "1/2-1/2"]
[ECO "C05"]
[WhiteElo "1896"]
[BlackElo "1940"]
[Annotator "RC"]
[PlyCount "185"]
[EventDate "2022.06.05"]
[EventType "swiss"]
[EventRounds "9"]
[EventCountry "GER"]
[SourceTitle "playchess.com"]
[Source "ChessBase"]
[SourceQuality "1"]
[TimeControl "40/4500+30:900+30"]

1. e4 e6 2. d4 d5 3. Nd2 Nf6 4. e5 Nfd7 5. f4 c5 6. c3 Nc6 7. Ndf3 Qb6 8. g3 cxd4 9. cxd4 Be7 10. a3 Na5 11. b4 Nc4 12. Bxc4 dxc4 13. Bd2 Qc6 14. Kf2 b5 15. Ne2 Bb7 16. Nc3 O-O 17. d5 exd5 18. Nd4 Qg6 19. Ncxb5 a6 20. Nc3 a5 21. Rb1 axb4 22. axb4 Qd3 23. Be1 Qxd1 24. Nxd1 Ra2+ 25. Kf1 Rfa8 26. Bc3 Nb6 27. Rg1 Na4 28. Nf5 Bd8 29. Bd4 Bb6 30. Rg2 Rxg2 31. Kxg2 Bc8 32. Ne7+ Kf8 33. Bxb6 Nxb6 34. Nxc8 Rxc8 35. Kf2 d4 36. Ke2 Nd5 37. Rc1 Nxb4 38. Nb2 d3+ 39. Kd2 Nc2 40. Nxc4 Rxc4 41. Kxd3 Rd4+ 42. Kxc2 Ke7 43. Rd1 Ra4 44. Kd3 f6 45. exf6+ Kxf6 46. Ke3 h6 47. Rd6+ Kf7 48. Kf3 Ra2 49. h3 Rh2 50. Rd5 Ke6 51. Re5+ Kf6 52. Kg4 g6 53. Ra5 Rb2 54. Ra6+ Kg7 55. Re6 Kf7 56. Rc6 Kg7 57. Kh4 Rb4 58. Kg4 Rb3 59. Rc7+ Kf6 60. Rh7 h5+ 61. Kh4 Rb5 62. Rh8 Kg7 63. Re8 Kh6 64. g4 hxg4 65. hxg4 Rb4 66. g5+ Kg7 67. Kg4 Rb1 68. Re7+ Kg8 69. Ra7 Rg1+ 70. Kf3 Re1 71. Kg3 Re3+ 72. Kg4 Rb3 73. Ra4 Rc3 74. Re4 Ra3 75. f5 gxf5+ 76. Kxf5 Ra6 77. Re7 Rb6 78. Kg4 Ra6 79. Kh5 Rb6 80. Ra7 Rc6 81. Kg4 Rb6 82. Kf5 Rc6 83. g6 Rc1 84. Ra4 Rf1+ 85. Kg5 Rg1+ 86. Rg4 Rxg4+ 87. Kxg4 Kg7 88. Kh5 Kg8 89. Kg5 Kg7 90. Kf5 Kg8 91. Kf6 Kf8 92. g7+ Kg8 93. Kg6 1/2-1/2